 Dungeon Crawl Stone Soup version 0.22-a0-455-ga0624bf (webtiles) character file.

53 pk666 the Firebug (level 3, -1/19 HPs)
             Began as a Deep Elf Fire Elementalist on June 5, 2018.
             Killed from afar by pk666's ghost (3 damage)
             ... with a flame tongue
             ... on level 3 of the Dungeon.
             The game lasted 00:03:49 (1841 turns).

pk666 the Firebug (Deep Elf Fire Elementalist)      Turns: 1841, Time: 00:03:49

Health: -1/19      AC:  2    Str:  5    XL:     3   Next: 62%
Magic:  0/10       EV: 13    Int: 20    God:
Gold:   76         SH:  0    Dex: 15    Spells: 8/9 levels left

rFire    + . .     SeeInvis .   (no weapon)
rCold    . . .     Gourm    .   (no shield)
rNeg     . . .     Faith    .   a - +0 robe
rPois    .         Spirit   .   (no helmet)
rElec    .         Reflect  .   (no cloak)
rCorr    .         Harm     .   (no gloves)
MR       .....                  (no boots)
Stlth    ++........             (no amulet)
HPRegen  0.06/turn              (no ring)
MPRegen  0.12/turn              j - ring of protection from fire

@: very slightly contaminated
A: no striking features
a: no special abilities


You were on level 3 of the Dungeon.
You were hungry.

You visited 1 branch of the dungeon, and saw 3 of its levels.

You collected 76 gold pieces.

Inventory:

Armour
 a - a +0 robe (worn)
Jewellery
 j - a ring of protection from fire (right hand)
Scrolls
 b - a scroll of remove curse
 e - 2 scrolls of amnesia {unknown}
 f - a scroll of teleportation {unknown}
 g - 2 scrolls of identify {unknown}
 i - a scroll of enchant armour {unknown}
 k - a scroll of immolation {unknown}
 l - a scroll of magic mapping {unknown}
 o - a scroll of noise {unknown}
Potions
 d - a potion of might {unknown}
 m - 2 potions of lignification {unknown}
 n - a potion of invisibility {unknown}
Comestibles
 c - 4 rations
 h - 3 chunks of flesh


   Skills:
 - Level 2.4 Dodging
 - Level 2.4 Stealth
 + Level 3.7 Spellcasting
 * Level 2.9 Conjurations
 + Level 3.8 Fire Magic


You had 8 spell levels left.
You knew the following spells:

 Your Spells              Type           Power        Failure   Level  Hunger
a - Flame Tongue          Conj/Fire      ###..        3%          1    None

Your spell library contained the following spells:

 Spells                   Type           Power        Failure   Level  Hunger
 Fireball                 Conj/Fire      ###.......   67%         5    ######.
 Conjure Flame            Conj/Fire      ###.....     10%         3    ###....
 Throw Flame              Conj/Fire      ###...       4%          2    ##.....
 Sticky Flame             Conj/Fire      ###.....     32%         4    ####...
 Inner Flame              Hex/Fire       ##......     19%         3    ###....


Dungeon Overview and Level Annotations

Branches:
Dungeon (3/15)

Altars:

Annotations:
D:3 pk666's ghost, amateur DEFE


Message History

You are very lightly contaminated with residual magic.
Nothing appears to happen.
Pk666's ghost hits you.
* * * LOW HITPOINT WARNING * * *
Casting: Flame Tongue (safe; 3% risk of failure)
Confirm with . or Enter, or press ? or * to list all spells.
Aiming: Flame Tongue (safe; 3% risk of failure)
Press: ? - help, Shift-Dir - straight line, f/p - pk666's ghost
Aim: pk666's ghost (almost destroyed)
The flame tongue misses pk666's ghost.
Pk666's ghost hits you.
* * * LOW HITPOINT WARNING * * *
Casting: Flame Tongue (safe; 3% risk of failure)
Confirm with . or Enter, or press ? or * to list all spells.
Aiming: Flame Tongue (safe; 3% risk of failure)
Press: ? - help, Shift-Dir - straight line, f/p - pk666's ghost
Aim: pk666's ghost (almost destroyed)
The flame tongue hits pk666's ghost.
Pk666's ghost is almost destroyed.
Pk666's ghost casts a spell at you. The flame tongue hits you! You resist.
You die...

## #.# #.# ##.#
#W.# #.## #.# ≈
######.#
....######......#
≈≈.....@W.....###
≈≈.....###....#
≈≈.###. #....# ≈
## ..###.# ##.
#.# #. ..# ## ###


You could see pk666's ghost.

Vanquished Creatures
  An adder (D:2)
  A worm (D:2)
  2 dart slugs (D:2)
  2 leopard geckos
  4 bats
  3 giant cockroaches
  2 hobgoblins (D:1)
  3 jackals (D:2)
  3 kobolds
  A quokka (D:2)
  3 frilled lizards
  5 goblins
  3 rats (D:2)
33 creatures vanquished.

Notes
Turn   | Place    | Note
-------+----------+-------------------------------------------
     0 | D:1      | pk666 the Deep Elf Fire Elementalist began the quest for the Orb.
     0 | D:1      | Reached XP level 1. HP: 10/10 MP: 6/6
   504 | D:1      | Reached XP level 2. HP: 15/15 MP: 6/8
  1211 | D:2      | Reached XP level 3. HP: 19/19 MP: 6/10
  1792 | D:3      | Noticed pk666's ghost (amateur DEFE)
  1841 | D:3      | Killed from afar by pk666's ghost

Vault maps used:
D:1:      elethiomel_arrival_maze, minivault_23
D:2:      first_ration
D:3:      cheibrodos_fertilizer, minivault_14

Skill      XL: |  1  2 |
---------------+-------+-----
Conjurations   | 2 |  2.9
Dodging        | |  2.4
Stealth        | |  2.4
Spellcasting   | |  3.7
Fire Magic     | |  3.8

Action                   || total
-------------------------++-------
 Cast: Flame Tongue      ||    67
  Use: Scroll            ||     1
  Eat: Chunk             ||     2
Armor: Robe              ||     4
Dodge: Dodged            ||    10

Table legend:
 A = Spawn XP
 B = Non-spawn XP
 C = Spawn XP percentage of total XP
 D = Spawn monster count
 E = Non-spawn monster count
 F = Spawn count percentage of total count
 G = Total turns spent on level
                    A         B        C        D         E        F      G
               +---------+---------+-------+---------+---------+-------+---------
         Total |       0 |      76 |   0.0 |       0 |      33 |   0.0 |  1841
               +---------+---------+-------+---------+---------+-------+---------
           D:1 |       0 |      20 |   0.0 |       0 |      11 |   0.0 |   907
           D:2 |       0 |      52 |   0.0 |       0 |      19 |   0.0 |   871
           D:3 |       0 |       4 |   0.0 |       0 |       3 |   0.0 |    63
               +---------+---------+-------+---------+---------+-------+---------
